 Dungeon Sprint DCSS version 0.31-a0-1522-g43313d8a59 (webtiles) character file.

Game seed: 15651713317780902426

815 TheScarfBastard the Carver (level 7, -9/106 HPs)
             Began as a Pale Draconian Berserker on Dec 31, 2023.
             Was a High Priest of Trog.
             Killed by divine providence
             ... invoked by a meliai
              (12 damage)
             ... in the Dungeon (Sprint IX: "|||||||||||||||||||||||||||||").
             The game lasted 00:03:30 (417 turns).

TheScarfBastard the Carver (DrBe)                    Turns: 417, Time: 00:03:30

Health: -9/106     AC: 10    Str: 21    XL:     7   Next: 62%
Magic:  7/7        EV: 15    Int:  7    God:    Trog [*****.]
Gold:   0          SH:  0    Dex: 11    Spells: 6/6 levels left

rFire   . . .        n - +1 broad axe (heavy)
rCold   . . .        (no shield)
rNeg    . . .        (body armour unavailable)
rPois   .            (helmet restricted)
rElec   .            j - +0 cloak
rCorr   .            (no gloves)
SInv    .            k - +0 pair of boots
Will    ++...        (no amulet) Stlth
                     l - +2 ring of protection
HPRegen 1.37/turn    (no ring)
MPRegen 0.10/turn

%: no teleportation
@: berserking, short of breath, strong-willed, regenerating, very quick
A: breathe steam, AC +6, unfitting armour, cold-blooded, steam resistance
a: Breathe Steam, Renounce Religion, Berserk, Trog's Hand, Brothers in Arms


You were in the Dungeon.
You worshipped Trog.
Trog was extremely pleased with you.
You visited 1 branch

Inventory:

Hand Weapons
 a - a +0 falchion
 n - a +1 heavy broad axe (weapon)
 o - a +2 heavy dire flail
 p - a +2 scimitar of holy wrath
Armour
 j - a +0 cloak (worn)
 k - a +0 pair of boots (worn)
Jewellery
 l - a +2 ring of protection (left hand)
 m - a +3 ring of intelligence
Wands
 i - a wand of iceblast (10)
Scrolls
 g - 2 scrolls of blinking
Potions
 b - 5 potions of curing
 d - a potion of haste
 e - 4 potions of magic
 f - a potion of berserk rage
 h - a potion of invisibility


   Skills:
 + Level 9.8 Fighting
 + Level 11.3 Long Blades
 + Level 4.0 Maces & Flails
 + Level 8.4 Dodging
 + Level 0.6 Stealth


You had 6 spell levels left.
You didn't know any spells.
Your spell library was empty.

Dungeon Overview and Level Annotations

Branches:
Dungeon (1/1)

Altars:
Cheibriados
Dithmenos
Elyvilon
Fedhas
Gozag
Hepliaklqana
Kikubaaqudgha
Makhleb
Nemelex Xobeh
Okawaru
Qazlal
Ru
Sif Muna
Trog
Uskayaw
Vehumet
Wu Jian
Xom
Yredelemnul
Zin
The Shining One
Jiyva
Lugonu


Innate Abilities, Weirdness & Mutations

You can breathe blasts of scalding, opaque steam.
Your pale cyan-grey scales are hard. (AC +6)
You cannot fit into any form of body armour.
You are cold-blooded and may be slowed by cold attacks.
You are immune to the effects of steam.


Message History

The centaur warrior is engulfed in a cloud of scalding steam.
The four-headed hydra is engulfed in a cloud of scalding steam.
The four-headed hydra barely misses you.
The four-headed hydra bites you. x2
The four-headed hydra barely misses you.
You barely miss the four-headed hydra.
The four-headed hydra is heavily wounded.
The centaur warrior is engulfed in a cloud of scalding steam.
The four-headed hydra barely misses you.
The four-headed hydra completely misses you.
The four-headed hydra bites you. The four-headed hydra bites you!
The centaur warrior is engulfed in a cloud of scalding steam.
The four-headed hydra bites you. The four-headed hydra bites you! x2
* * * LOW HITPOINT WARNING * * *
The four-headed hydra barely misses you.
The centaur warrior is engulfed in a cloud of scalding steam.
You barely miss the four-headed hydra. You tail-slap the four-headed hydra!
The four-headed hydra is severely wounded.
The centaur warrior is engulfed in a cloud of scalding steam.
The four-headed hydra barely misses you.
The four-headed hydra closely misses you.
The four-headed hydra bites you!
* * * LOW HITPOINT WARNING * * *
The four-headed hydra bites you!
* * * LOW HITPOINT WARNING * * *
The centaur warrior is engulfed in a cloud of scalding steam.
Unknown command.
You are too berserk!
You chop one of the four-headed hydra's heads off!
The three-headed hydra grows two more!
You slice the five-headed hydra!!
You feel the power of Trog in you as your rage grows.
You kill the five-headed hydra!
Trog accepts your kill.
The centaur warrior wields a +0 shortbow.
The centaur warrior shoots an arrow.
The arrow hits you.
* * * LOW HITPOINT WARNING * * *
The centaur warrior shoots an arrow.
The arrow misses you.
The meliai mumbles some strange prayers to its god against you.
Something smites you!
You die...

▓.▓
▓)▓
▓)▓
▓)▓
▓.▓
▓.▓
▓.▓
▓.▓
▓@▓
▓†▓
▓c▓
▓c▓
▓R▓
▓y▓
▓O▓
▓+▓


You could see 2 centaur warriors, a two-headed ogre, an efreet and a meliai.

Vanquished Creatures
  A hydra (D)
  A kobold demonologist (D)
  An acid dragon (D)
  An ice beast (D)
  3 centaurs (D)
  A hound (D)
  2 iguanas (D)
  An orc wizard (D)
  An adder (D)
  2 endoplasms (D)
  2 kobolds (D)
  A rat (D)
17 creatures vanquished.

Notes
Turn   | Place    | Note
-------+----------+-------------------------------------------
     0 | D        | TheScarfBastard the Draconian Berserker began the quest for
                  | the Orb.
     0 | D        | Reached XP level 1. HP: 19/19 MP: 1/1
    13 | D        | Reached ** piety under Trog
    22 | D        | Noticed an iguana
    22 | D        | Noticed an ice beast
    22 | D        | Noticed a hound
    22 | D        | Noticed an iguana
    27 | D        | Killed an iguana
    28 | D        | Reached skill level 5 in Fighting
    28 | D        | Reached skill level 4 in Long Blades
    28 | D        | Reached XP level 2. HP: 28/29 MP: 2/2
    28 | D        | Reached XP level 3. HP: 35/36 MP: 3/3
    37 | D        | Killed an ice beast
    37 | D        | Reached *** piety under Trog
    38 | D        | Reached skill level 7 in Long Blades
    38 | D        | Reached skill level 5 in Dodging
    38 | D        | Reached XP level 4. HP: 5/45 MP: 4/4
    40 | D        | Reached XP level 5. HP: 7/52 MP: 5/5
    48 | D        | Reached skill level 8 in Long Blades
   208 | D        | Found a snail-covered altar of Cheibriados.
   208 | D        | Found a shadowy altar of Dithmenos.
   208 | D        | Found a white marble altar of Elyvilon.
   208 | D        | Found a blossoming altar of Fedhas.
   208 | D        | Found an opulent altar of Gozag.
   209 | D        | Found a hazy altar of Hepliaklqana.
   210 | D        | Found a viscous altar of Jiyva.
   211 | D        | Found an ancient bone altar of Kikubaaqudgha.
   212 | D        | Found a corrupted altar of Lugonu.
   213 | D        | Found a burning altar of Makhleb.
   214 | D        | Found a sparkling altar of Nemelex Xobeh.
   215 | D        | Found an iron altar of Okawaru.
   216 | D        | Found a stormy altar of Qazlal.
   217 | D        | Found a sacrificial altar of Ru.
   218 | D        | Found a shimmering blue altar of Sif Muna.
   219 | D        | Found a bloodstained altar of Trog.
   220 | D        | Found a hide-covered altar of Uskayaw.
   221 | D        | Found a radiant altar of Vehumet.
   222 | D        | Found an ornate altar of the Wu Jian Council.
   223 | D        | Found a shimmering altar of Xom.
   224 | D        | Found a basalt altar of Yredelemnul.
   225 | D        | Found a glowing silver altar of Zin.
   226 | D        | Found a glowing golden altar of the Shining One.
   295 | D        | Noticed a centaur
   295 | D        | Noticed a centaur
   295 | D        | Noticed an acid dragon
   295 | D        | Noticed a centaur
   295 | D        | Noticed a kobold demonologist
   299 | D        | Killed a centaur
   300 | D        | Reached XP level 6. HP: 61/61 MP: 6/6
   300 | D        | Reached **** piety under Trog
   301 | D        | Reached skill level 9 in Long Blades
   303 | D        | Noticed a sixfirhy
   304 | D        | Reached skill level 1 in Maces & Flails
   305 | D        | Killed an acid dragon
   306 | D        | Reached skill level 10 in Long Blades
   307 | D        | Reached ***** piety under Trog
   308 | D        | Your scales start taking on a pale cyan-grey colour.
   308 | D        | Reached XP level 7. HP: 66/70 MP: 7/7
   308 | D        | Gained mutation: You are immune to the effects of steam.
                  | [Pale Draconian growth]
   313 | D        | Noticed a hellwing
   321 | D        | Noticed a soul eater
   322 | D        | Killed a kobold demonologist
   323 | D        | Reached skill level 11 in Long Blades
   410 | D        | Noticed a four-headed hydra
   410 | D        | Noticed a centaur warrior
   410 | D        | Noticed a centaur warrior
   410 | D        | Noticed an efreet
   410 | D        | Noticed a meliai
   410 | D        | Noticed a two-headed ogre
   417 | D        | Killed a five-headed hydra
   417 | D        | HP: 3/106 [centaur warrior/arrow (6)]
   417 | D        | Killed from afar by a meliai

Illustrated notes

Levels and vault maps discovered:
D:        linesprint [early_d, line_temple, items_1, d_10, items_2, lair_1,
          lair_end, items_3, orc_1, orc_end, items_4, d_15, swamp_1, shoals_1,
          snake_1, spider_1, d_20, vaults_1, items_5, swamp_end, shoals_end,
          snake_end, spider_end, vaults_end, d_27, items_6, zot_1, zot_end,
          crypt_end, forest_end, elf_end, slime_end, tomb_end, abyss_end,
          pan_hell_end]

Skill      XL: |  1  2  3  4  5  6  7 |
---------------+----------------------+-----
Dodging        | 4 5 6 7 8 |  8.4
Fighting       | 5 6 7 8 9 |  9.8
Long Blades    | 4 7 8 10 11 | 11.3
Maces & Flails | 2 4 |  4.0
Stealth        | |  0.6

Action                     |  1- 3 |  4- 6 |  7- 9 || total
---------------------------+-------+-------+-------++-------
  Melee: Falchion          |    25 |     9 |       ||    34
         Tailslap          |     3 |     2 |     2 ||     7
         Dire flail        |       |     7 |    11 ||    18
         Broad axe         |       |       |     3 ||     3
 Invoke: Berserk           |     1 |     1 |     1 ||     3
         Trog's Hand       |       |     1 |     1 ||     2
Ability: Breathe Steam     |       |       |     2 ||     2
    Use: Potion            |       |       |     3 ||     3
 Armour: Skin              |     6 |    15 |    48 ||    69
  Dodge: Dodged            |    15 |    17 |    47 ||    79

Table legend: (Time is in decaauts)
 A = Elapsed time spent in this place.
 B = Non-inter-level travel time spent in this place.
 C = Inter-level travel time spent in this place.
 D = Time resting spent in this place.
 E = Time spent auto-exploring this place.
 F = Levels seen in this place.
 G = Mean time per level.
                   A        B        C        D        E       F      G
               +--------+--------+--------+--------+--------+-----+--------+
         Total |    444 |    444 |      0 |      0 |    242 |   1 |  444.0 |
       Dungeon |    444 |    444 |      0 |      0 |    242 |   1 |  444.0 |
               +--------+--------+--------+--------+--------+-----+--------+

Top non-repeatable levels by time:
       D: 444 daAuts
